 Dungeon Crawl Stone Soup version 0.31-a0-1576-ga3383bade6 (webtiles) character file.

Game seed: 10919881174591921156

12985 Atlas the Grappler (level 11, 0/85 HPs)
             Began as a Purple Draconian Shapeshifter on Jan 4, 2024.
             Was an Initiate of Gozag.
             Killed from afar by an occultist (35 damage)
             ... with a poison arrow
             ... in a Gauntlet.
             The game lasted 00:24:39 (14315 turns).

Atlas the Grappler (Purple Draconian Shapeshifter) Turns: 14315, Time: 00:24:42

Health: 0/85       AC:  7    Str: 27    XL:     11   Next: 69%
Magic:  18/18      EV: 14    Int: 10    God:    Gozag
Gold:   701        SH:  5    Dex: 11    Spells: 18/19 levels left

rFire   + .          .
                       - Unarmed
rCold   . . .        (no shield)
rNeg    . . .        (body armour unavailable)
rPois   .            (helmet currently unavailable)
rElec   .            (cloak currently unavailable)
rCorr   .            (gloves currently unavailable)
SInv    .            (boots currently unavailable)
Will    ++...        B - amulet of reflection
Stlth   ++           H - ring of protection from fire
HPRegen 0.34/turn    o - +6 ring of strength
MPRegen 0.16/turn

%: no teleportation, reflection
@: lethally poisoned (0 -> -51), beast-form, gold aura, enlightened, flying,
studying Shields
A: beast (slay +4), breathe power, AC +7, unfitting armour, cold-blooded
a: Breathe Dispelling Energy, Begin Untransformation, Renounce Religion, Potion
Petition, Call Merchant, Bribe Branch


You were in a Gauntlet.
You worshipped Gozag.
Gozag was pleased with you.
You were a hulking beast.
You visited 2 branches of the dungeon, and saw 12 of its levels.
You also visited: Sewer and Gauntlet.

You collected 896 gold pieces.
You paid 195 gold pieces to Gozag.

Inventory:

Missiles
 q - a curare-tipped dart
 J - a throwing net
Armour
 p - a +2 cloak
 I - a +0 buckler
Jewellery
 d - a ring of magical power
 k - a ring of wizardry
 n - a ring of resist corrosion
 o - a +6 ring of strength (right hand)
 B - an amulet of reflection (around neck)
 C - a ring of ice
 E - the amulet of Ytepilisoxig {Faith rN+}
   (You found it in a Gauntlet)

   [amulet of faith]

   Faith:     It allows you to gain divine favour quickly.
   rN+:       It protects you from negative energy.
 F - an amulet of magic regeneration
 H - a ring of protection from fire (left hand)
 L - an amulet of guardian spirit
Talismans
 b - a beast talisman (active)
 c - a flux talisman
 t - a serpent talisman
Wands
 a - a wand of roots (3)
 Q - a wand of flame (4)
 R - a wand of light (7)
Scrolls
 e - 2 scrolls of poison
 f - 3 scrolls of teleportation
 g - 3 scrolls of enchant weapon
 h - 3 scrolls of revelation
 i - a scroll of fog
 j - a scroll of blinking {unknown}
 m - 3 scrolls of vulnerability {unknown}
 x - a scroll of brand weapon {unknown}
 y - 3 scrolls of amnesia {unknown}
 A - 4 scrolls of enchant armour
 D - 2 scrolls of immolation {unknown}
 P - a scroll of acquirement {unknown}
Potions
 l - a potion of ambrosia
 r - 3 potions of enlightenment
 s - a potion of curing
 u - a potion of might {unknown}
 v - 2 potions of resistance
 w - a potion of mutation {unknown}
 z - a potion of lignification
 K - 2 potions of brilliance
 M - a potion of haste {unknown}
 N - a potion of heal wounds
 O - a potion of degeneration {unknown}


   Skills:
 + Level 4.7 Fighting
 + Level 6.4 Dodging
 - Level 4.0 Stealth
 + Level 4.9 Shields
 + Level 13.1 Unarmed Combat
 + Level 4.7 Spellcasting
 - Level 3.2 Conjurations
 - Level 3.0 Fire Magic
 + Level 2.2 Evocations
 * Level 7.2 Shapeshifting


You had 18 spell levels left.
You knew the following spells:

 Your Spells              Type           Power      Damage    Failure   Level
a - Foxfire               Conj/Fire      32%        2x1d5     7%          1

Your spell library contained the following spells:

 Spells                   Type           Power      Damage    Failure   Level
 Kiss of Death            Conj/Necr      20%        2d7       12%         1
 Inner Flame              Hex/Fire       5%         N/A       36%         3
 Flame Wave               Conj/Fire      8%         2d5       54%         4
 Call Canine Familiar     Summ           2%         N/A       56%         3
 Confusing Touch          Hex            2%         N/A       56%         3
 Sigil of Binding         Hex            2%         N/A       56%         3
 Sticky Flame             Fire/Alch      5%         2d4       77%         4
 Dimensional Bullseye     Hex/Tloc       1%         N/A       93%         4
 Dispel Undead            Necr           2%         3d7       93%         4
 Plasma Beam              Fire/Air       2%         2x1d12    100%        6
 Starburst                Conj/Fire      4%         6d3       100%        6


Dungeon Overview and Level Annotations

Branches:
Dungeon (11/15)            Temple (1/1) D:5            Lair (0/5) D:8
    Orc (0/2) D:10          Sewer (visited)         Gauntlet (1/1)

Altars:
Ashenzari
Cheibriados
Dithmenos
Elyvilon
Fedhas
Gozag
Hepliaklqana
Kikubaaqudgha
Makhleb
Nemelex Xobeh
Okawaru
Qazlal
Ru
Sif Muna
Trog
Uskayaw
Vehumet
Wu Jian
Xom
Yredelemnul
Zin
The Shining One

Shops:
D:4 [   D:8 (   D:9 (

Annotations:
D:10 Urug Gauntlet 21 runed translucent doors, 9 transporters


Innate Abilities, Weirdness & Mutations

You are a hulking beast.
Your limbs bulge with bestial killing power. (Slay +4)
You can breathe bolts of dispelling energy.
Your rich purple scales are hard. (AC +7)
You cannot fit into any form of body armour.
You are cold-blooded and may be slowed by cold attacks.


Message History

You punch the occultist!
The occultist is lightly wounded.
The white imp is no longer distracted by gold.
The white imp barely misses you.
The occultist hits you with a +0 dagger.
You punch the occultist!
The occultist is heavily wounded.
The white imp hits you but does no damage.
The shadow imp is distracted by your dazzling golden aura.
You block the shadow imp's attack. The white imp gestures at you.
The puff of frost hits you. The occultist misses you.
The shadow imp shouts, "Turn tail, thou froward toot-wallowing mendicant!"
You pummel the occultist!! You tail-slap the occultist.
The occultist is almost dead.
The occultist hits you but does no damage.
The white imp is distracted by your dazzling golden aura.
The shadow imp barely misses you. The white imp closely misses you.
The white imp shouts, "Scamper away, thou peeagling fool-headed giglet!"
You closely miss the occultist.
The occultist is almost dead.
You closely miss the occultist.
The occultist is almost dead.
The shadow imp is no longer distracted by gold.
The occultist gestures at you while chanting.
The poison arrow hits you!
You are poisoned.
The shadow imp gestures at you. You resist with almost no effort.
The white imp shouts, "Get thee hence, thou qualling ruttish tinkerer!"
The white imp misses you.
You barely miss the occultist.
The occultist is almost dead.
You feel very sick. The white imp misses you.
The occultist gestures at you while chanting.
The poison arrow hits you!!
You are lethally poisoned!
You die...
Your body crumbles into a pile of gold.

########...###########..###
.........≈....#.©.#.....#8#
........≈8§...#...#.8...###
.........≈....#.©.#.....#
########...###########..###
.#.#.5.#...#.......5.#..#8#
#...#..#...#..##5##5.#..###
#...##.#...#.##5§p##.#..#
.#.#..##...#.#§5h5§#.#..###
..©...5#...#.§§§§§§..#..#8#
.#.#..##...#.#§§§..#.#..###
######.#...#.##§§§##.#..#
#...#..#...#..##.##5.#..###
[)©....#...#..$[©=.5.#..#8#
########...###########..###
........................#
........≈∩≈............≈#


You could see an occultist, 2 white imps and 2 shadow imps.

Vanquished Creatures
  A balrug (Gauntlet)
  2 two-headed ogres
  An occultist (Gauntlet)
  Amaemon (D:10)
  Pikel (D:5)
  Joseph (D:10)
  Maggie (D:7)
  A gargoyle (D:10)
  An orange demon (D:10)
  3 trolls
  A hornet (D:9)
  A shadow (D:10)
  17 yaks
  A wraith (D:10)
  2 wyverns
  A basilisk (D:8)
  A steam dragon (D:7)
  Menkaure (D:4)
  An acid dragon (D:11)
  2 hell hounds (Gauntlet)
  3 water moccasins (D:8)
  5 orc warriors
  2 ice beasts
  A black bear (D:5)
  4 ogres
  6 centaurs
  4 kobold brigands
  3 bullfrogs
  3 gnoll sergeants
  A scorpion (D:5)
  3 wights (D:9)
  An electric eel (D:7)
  4 orc priests
  A gnoll bouda (D:3)
  2 hounds
  5 jellies
  5 iguanas
  A sleepcap (D:5)
  3 orc wizards
  Robin (D:3)
  6 adders
  15 gnolls
  A river rat (Sewer)
  A shadow imp (D:8)
  2 white imps
  3 dart slugs
  3 ribbon worms
  19 orcs
  12 ball pythons
  6 bats
  7 endoplasms
  A giant cockroach (D:4)
  10 goblins
  8 hobgoblins
  9 jackals
  6 quokkas
  5 frilled lizards
  15 kobolds
  8 rats
236 creatures vanquished.

Vanquished Creatures (collateral kills)
  2 foxfires (D:5)
2 creatures vanquished.

Vanquished Creatures (others)
  127 foxfires
127 creatures vanquished.

Grand Total: 365 creatures vanquished

Notes
Turn   | Place    | Note
-------+----------+-------------------------------------------
     0 | D:1      | Atlas the Draconian Shapeshifter began the quest for the
                  | Orb.
     0 | D:1      | Reached XP level 1. HP: 16/16 MP: 1/1
   357 | D:1      | Reached XP level 2. HP: 23/23 MP: 2/2
   895 | D:2      | Reached XP level 3. HP: 20/28 MP: 3/3
  1054 | D:2      | Found a faded altar of an unknown god.
  1439 | D:2      | Reached skill level 1 in Stealth
  1439 | D:2      | Reached skill level 4 in Unarmed Combat
  1439 | D:2      | Reached XP level 4. HP: 24/35 MP: 4/4
  1711 | D:3      | Noticed Robin
  1743 | D:3      | Killed Robin
  1744 | D:3      | HP: 2/52 [bat (1)]
  2762 | D:4      | Reached XP level 5. HP: 37/40 MP: 5/5
  2767 | D:4      | Found a glowing drain.
  2829 | Sewer    | Entered a sewer
  3019 | Sewer    | Reached skill level 5 in Unarmed Combat
  3019 | Sewer    | Reached XP level 6. HP: 23/47 MP: 6/6
  3467 | Sewer    | Found a white marble altar of Elyvilon.
  3675 | D:4      | Found Niat Xiuma's Armour Shop.
  4179 | D:4      | Found a shadowy altar of Dithmenos.
  4179 | D:4      | Noticed a shadow
  4190 | D:4      | Found a hazy altar of Hepliaklqana.
  4456 | D:4      | Noticed Menkaure
  4482 | D:4      | Killed Menkaure
  4483 | D:4      | Reached skill level 6 in Unarmed Combat
  4483 | D:4      | Your scales start taking on a rich purple colour.
  4483 | D:4      | Reached XP level 7. HP: 26/55 MP: 7/7
  4608 | D:4      | Found an ancient bone altar of Kikubaaqudgha.
  4686 | D:5      | Entered Level 5 of the Dungeon
  4771 | D:5      | Found a basalt altar of Yredelemnul.
  4835 | D:5      | Learned a level 1 spell: Foxfire
  5315 | D:5      | Found a staircase to the Ecumenical Temple.
  5323 | Temple   | Entered the Ecumenical Temple
  5388 | D:5      | Reached skill level 7 in Unarmed Combat
  5570 | D:6      | Reached skill level 1 in Spellcasting
  5680 | D:6      | Reached XP level 8. HP: 53/62 MP: 9/9
  5784 | D:6      | Noticed Pikel
  5869 | D:5      | HP: 2/62 [constriction (7)]
  5877 | D:5      | Killed Pikel
  5878 | D:5      | Reached skill level 1 in Conjurations
  6544 | D:7      | Noticed a troll
  7031 | D:7      | Reached skill level 8 in Unarmed Combat
  7032 | D:7      | Noticed Maggie
  7051 | D:7      | Killed Maggie
  7052 | D:7      | Reached XP level 9. HP: 61/69 MP: 10/14
  7479 | D:7      | Killed a troll
  7685 | D:7      | Reached skill level 1 in Shields
  7883 | D:7      | Found the +4 Cigotuvi's embrace {Corpsefed rMiasma ^Drain
                  | rN+}
  8429 | D:8      | Reached skill level 5 in Shapeshifting
  8487 | D:8      | Found a staircase to the Lair.
  8502 | D:8      | Reached skill level 9 in Unarmed Combat
  8507 | D:8      | Reached skill level 5 in Dodging
  8531 | D:8      | Reached skill level 1 in Evocations
  8575 | D:8      | Reached XP level 10. HP: 61/77 MP: 16/16
  8955 | D:8      | Found Kepsurgh's Weapon Shop.
  9077 | D:9      | Paralysed by a hornet for 2 turns
  9196 | D:9      | Reached skill level 10 in Unarmed Combat
 10153 | D:9      | Noticed a two-headed ogre
 10451 | D:9      | Found Ejoohafo's Antique Weapon Boutique.
 10943 | D:10     | Entered Level 10 of the Dungeon
 10954 | D:10     | Noticed Urug
 11258 | D:10     | Found a staircase to the Orcish Mines.
 11312 | D:10     | Noticed a two-headed ogre
 11419 | D:10     | Reached skill level 11 in Unarmed Combat
 11550 | D:9      | Killed a two-headed ogre
 11650 | D:10     | Noticed an orange demon
 11652 | D:10     | Noticed Amaemon
 11776 | D:10     | Killed an orange demon
 11790 | D:10     | Noticed a gargoyle
 11795 | D:10     | Killed a gargoyle
 11820 | D:10     | Noticed Joseph
 11828 | D:10     | Killed Joseph
 11829 | D:10     | Reached XP level 11. HP: 80/84 MP: 18/18
 11920 | D:10     | Killed Amaemon
 12192 | D:10     | Identified the +5 sling "Keaz" {flame, rC- Dex+2 Stlth+}
 12462 | D:10     | Killed a two-headed ogre
 12463 | D:10     | Reached skill level 12 in Unarmed Combat
 12516 | D:10     | Found a blossoming altar of Fedhas.
 12866 | D:10     | Found an opulent altar of Gozag.
 12873 | D:10     | Became a worshipper of Gozag Ym Sagoz the Greedy
 13296 | D:10     | Found a shimmering altar of Xom.
 13515 | D:11     | Found a gate leading to a gauntlet.
 13759 | Gauntlet | Entered a Gauntlet
 13759 | Gauntlet | Noticed a balrug
 13759 | Gauntlet | Found a large runed translucent door.
 13759 | Gauntlet | Found a large runed translucent door.
 13759 | Gauntlet | Found a large runed translucent door.
 13759 | Gauntlet | Found a large runed translucent door.
 13759 | Gauntlet | Found a runed translucent door.
 13759 | Gauntlet | Found a large runed translucent door.
 13759 | Gauntlet | Found a large runed translucent door.
 13759 | Gauntlet | Found a transporter.
 13759 | Gauntlet | Found a transporter.
 13759 | Gauntlet | Found a large runed translucent door.
 13759 | Gauntlet | Found a large runed translucent door.
 13759 | Gauntlet | Found a runed translucent gate.
 13759 | Gauntlet | Found a runed translucent gate.
 13759 | Gauntlet | Found a transporter.
 13832 | Gauntlet | Found a transporter.
 13834 | Gauntlet | Found a runed translucent door.
 13834 | Gauntlet | Found a runed translucent gate.
 13842 | Gauntlet | Found a large runed translucent door.
 13842 | Gauntlet | Noticed a soul eater
 13843 | Gauntlet | Found a large runed translucent door.
 13844 | Gauntlet | Found a large runed translucent door.
 13846 | Gauntlet | Found a transporter.
 13848 | Gauntlet | Found a transporter.
 13854 | Gauntlet | Found a transporter.
 13859 | Gauntlet | Found a large runed translucent door.
 13861 | Gauntlet | Found a large runed translucent door.
 13861 | Gauntlet | Found a large runed translucent door.
 13862 | Gauntlet | Found a large runed translucent door.
 13863 | Gauntlet | Found a large runed translucent door.
 13878 | Gauntlet | Noticed an occultist
 13880 | Gauntlet | Found a transporter.
 13880 | Gauntlet | Noticed an occultist
 13886 | Gauntlet | Found a transporter.
 13886 | Gauntlet | Found a transporter.
 13914 | Gauntlet | Found a transporter.
 13940 | Gauntlet | Found a transporter.
 14094 | Gauntlet | Killed a balrug
 14095 | Gauntlet | Reached skill level 13 in Unarmed Combat
 14163 | Gauntlet | Identified the amulet of Ytepilisoxig {Faith rN+}
 14306 | Gauntlet | Killed an occultist
 14315 | Gauntlet | Killed from afar by an occultist

Illustrated notes

Levels and vault maps discovered:
D:1:      lightli_arrival_farm, layout_basic
D:2:      cheibrodos_old_hovel, layout_rooms, serial_glass, glass_columns_c,
          glass_columns_a, ebering_ecumenical_altar_petrified
D:3:      layout_basic, uniq_robin
D:4:      layout_loops_ring, riverfiend_overflow_shadow_ancestor,
          nicolae_overflow_hidden_temple, cheibrodos_sewer_entry_sluice,
          serial_shops, nicolae_shop_hallway_stairs, uniq_menkaure
D:5:      layout_rooms, nicolae_overflow_crystal_walls,
          minmay_temple_entry_gardened_gates, minmay_misc_feat_pillars,
          kennysheep_generic_room_16
D:6:      layout_gridville, uniq_pikel
D:7:      layout_layer_cave, serial_library_regret_index_small_wings,
          nrook_mini_vaults, kennysheep_small_spiral, minmay_manual_mail,
          uniq_maggie
D:8:      layout_loops_cross, minmay_lair_entry_grove, serial_shops, shop
D:9:      layout_loops_ring, serial_shops, nicolae_shop_tiny_real_fake_doors
D:10:     layout_roguey, lemuel_coloured_pillars_altar,
          regret_index_xom_buried_treasure, grunt_gozag_breadcrumbs,
          kennysheep_orc_monster_closet_entryway, uniq_urug, uniq_joseph,
          uniq_amaemon
D:11:     layout_rooms, gauntlet_entry_generic, special_room [special_room_bee]
Temple:   hellmonk_temple_of_storms
Gauntlet: gammafunk_gauntlet_shortcut [gammafunk_gauntlet_arena_grid,
          gammafunk_gauntlet_arena_split_diamond,
          minmay_gauntlet_arena_make_your_own_arena,
          gammafunk_gauntlet_arena_mazey, nicolae_gauntlet_arena_quarters,
          gammafunk_gauntlet_arena_chambers, gauntlet_exit_hidden_loot]

Skill      XL: |  1  2  3  4  5  6  7  8  9 10 11 |
---------------+----------------------------------+-----
Dodging        | 2 3 4 5 6 |  6.4
Stealth        | 1 2 3 4 |  4.0
Unarmed Combat | 4 5 6 7 8 9 11 13 | 13.1
Shapeshifting  | 4 5 6 7 |  7.2
Fighting       | 2 3 4 |  4.7
Spellcasting   | 1 3 4 |  4.7
Conjurations   | 2 3 |  3.2
Fire Magic     | 2 3 |  3.0
Shields        | 2 3 4 |  4.9
Evocations     | 1 2 |  2.2

Action                     |  1- 3 |  4- 6 |  7- 9 | 10-12 || total
---------------------------+-------+-------+-------+-------++-------
  Melee: Unarmed           |   114 |   226 |   182 |   300 ||   822
         Tailslap          |    13 |    25 |    29 |    39 ||   106
         Punch             |     3 |     4 |     8 |    23 ||    38
   Cast: Foxfire           |       |       |    68 |    11 ||    79
Ability: Breathe Dispellin |       |       |     6 |     7 ||    13
  Evoke: Wand              |       |       |     3 |     7 ||    10
    Use: Potion            |     1 |     5 |     5 |     7 ||    18
         Scroll            |       |     6 |       |     5 ||    11
   Stab: Sleeping          |     2 |     2 |     1 |       ||     5
         Paralysed         |       |       |       |     9 ||     9
         Distracted        |       |       |       |     1 ||     1
 Armour: Skin              |    51 |   158 |    94 |   184 ||   487
  Dodge: Dodged            |    62 |   136 |    90 |   135 ||   423
  Block: Other             |       |       |    19 |    58 ||    77
         Reflection        |       |       |     1 |     2 ||     3
         Form:             |     2 |       |       |       ||     2
         Beast             |     2 |       |       |       ||     2
         Flux              |     1 |       |       |       ||     1

Table legend: (Time is in decaauts)
 A = Elapsed time spent in this place.
 B = Non-inter-level travel time spent in this place.
 C = Inter-level travel time spent in this place.
 D = Time resting spent in this place.
 E = Time spent auto-exploring this place.
 F = Levels seen in this place.
 G = Mean time per level.
                   A        B        C        D        E       F      G
               +--------+--------+--------+--------+--------+-----+--------+
         Total |  14355 |  13353 |   1002 |   3175 |   7642 |  14 | 1025.4 |
       Dungeon |  12932 |  11973 |    959 |   2582 |   7409 |  11 | 1175.6 |
        Temple |     43 |      0 |     43 |      0 |      0 |   1 |   43.0 |
         Sewer |    819 |    819 |      0 |    338 |    232 |   1 |  819.0 |
      Gauntlet |    559 |    559 |      0 |    254 |      0 |   1 |  559.0 |
               +--------+--------+--------+--------+--------+-----+--------+

Top non-repeatable levels by time:
    D:10: 2270 daAuts
     D:9: 1674 daAuts
     D:7: 1596 daAuts
     D:3: 1392 daAuts
     D:5: 1122 daAuts
     D:8: 1089 daAuts
     D:4: 977 daAuts
     D:6: 928 daAuts
     D:1: 908 daAuts
   Sewer: 819 daAuts
     D:2: 814 daAuts
Gauntlet: 559 daAuts
    D:11: 157 daAuts
  Temple: 43 daAuts
